 Dungeon Crawl Stone Soup version 0.24-a0-446-g87df7205b4 (webtiles) character file.

Game seed: 14766977322624470569

42 vurker the Skirmisher (level 3, -10/30 HPs)
             Began as a Formicid Fighter on June 23, 2019.
             Mangled by a gnoll
             ... wielding a +0 halberd
              (13 damage)
             ... on level 2 of the Dungeon.
             The game lasted 00:01:47 (1174 turns).

vurker the Skirmisher (Formicid Fighter)            Turns: 1174, Time: 00:01:47

Health: -10/30     AC:  6    Str: 26    XL:     3   Next: 77%
Magic:  3/3        EV:  8    Int:  7    God:
Gold:   53         SH: 10    Dex: 10    Spells: 2/2 levels left

rFire    . . .     SeeInvis +   a - +0 war axe
rCold    . . .     Gourm    .   c - +0 shield
rNeg     . . .     Faith    .   b - +0 scale mail
rPois    .         Spirit   .   (helmet unavailable)
rElec    .         Reflect  .   (no cloak)
rCorr    .         Harm     .   (no gloves)
MR       .....                  (no boots)
Stlth    ..........             (no amulet)
HPRegen  0.10/turn              (no ring)
MPRegen  0.08/turn              (no ring)

@: mighty
A: permanent stasis, dig shafts and tunnels, four strong arms, antennae 3
a: Dig, Shaft Self


You were on level 2 of the Dungeon.
You were not hungry.

You visited 1 branch of the dungeon, and saw 2 of its levels.

You collected 53 gold pieces.

Inventory:

Hand Weapons
 a - a +0 war axe (weapon)
Armour
 b - a +0 scale mail (worn)
 c - a +0 shield (worn)
 q - a +0 pair of boots
   (You found it on level 2 of the Dungeon)
Scrolls
 f - a scroll of identify {unknown}
 h - 2 scrolls of blinking {unknown}
 i - a scroll of teleportation {unknown}
 j - a scroll of fear {unknown}
 m - a scroll of immolation {unknown}
 n - 2 scrolls of remove curse {unknown}
 o - a scroll of enchant armour {unknown}
Potions
 k - 2 potions of flight {unknown}
 l - a potion of haste {unknown}
 p - 2 potions of agility {unknown}
Comestibles
 e - a ration {!d}
 g - 9 chunks of flesh


   Skills:
 + Level 3.8 Fighting
 * Level 3.3 Axes
 - Level 3.2 Armour
 - Level 3.6 Shields


You had 2 spell levels left.
You didn't know any spells.
Your spell library was empty.

Dungeon Overview and Level Annotations

Branches:
Dungeon (2/15)

Altars:


Innate Abilities, Weirdness & Mutations

You cannot be hasted, slowed, berserked, paralysed or teleported.
You can dig through walls and to a lower floor.
Your four strong arms can wield two-handed weapons with a shield.
You have a pair of large antennae on your head. (SInv)


Message History

a +0 club; a hobgoblin skeleton x2
There is an open door, spattered with blood here.
Things that are here:
a +0 club; a hobgoblin skeleton x2
Eating one of 7 chunks of flesh.
You eat one of the 7 chunks of flesh.
You butcher the hobgoblin corpse.
g - 7 chunks of flesh (gained 1)
There is an open door here.
Things that are here:
a +0 club; a hobgoblin skeleton
There is an open door here.
Things that are here:
a +0 club; a hobgoblin skeleton You butcher the goblin corpse.
g - 9 chunks of flesh (gained 2)
You see here a goblin skeleton. x2
There is an open door here.
Found a stone staircase leading down.
Found 17 stones.
You sense a monster nearby.
A gnoll comes into view. It is wielding a +0 halberd.
The gnoll shouts!
The gnoll hits you with a +0 halberd.
You barely miss the gnoll.
A gnoll comes into view. It is wielding a +0 whip.
You block the gnoll's attack.
The gnoll shouts!
You hit the gnoll.
You hear a shout! x2
The gnoll hits you with a +0 halberd!
A gnoll comes into view. It is wielding a +0 halberd.
You feel very mighty all of a sudden. The gnoll hits you with a +0 halberd!
* * * LOW HITPOINT WARNING * * *
You barely miss the gnoll. x2; The gnoll hits you with a +0 whip.
* * * LOW HITPOINT WARNING * * *
You block the gnoll's attack. The gnoll barely misses you.
You slice the gnoll!!
You kill the gnoll!
You closely miss the gnoll. The gnoll barely misses you.
The gnoll hits you with a +0 whip.
* * * LOW HITPOINT WARNING * * *
The gnoll closely misses you.
You barely miss the gnoll. The gnoll closely misses you.
The gnoll hits you from afar with a +0 halberd.
* * * LOW HITPOINT WARNING * * *
You block the gnoll's attack.
You closely miss the gnoll.
The gnoll hits you from afar with a +0 halberd!
You die...

#.# #.......# #
##.###......##
#.##.#........##
#...###.....>....
####.#........###
##.###...###
#.###..(#####
#.....)gg...#
###...@####
#.#### { #.# #.#
#.# ##.♣ #.♣♣ #
#.♣ P# #.♣ .♣


You could see 2 gnolls.

Vanquished Creatures
  A gnoll (D:2)
  A leopard gecko (D:1)
  A giant cockroach (D:1)
  4 goblins
  10 hobgoblins (D:2)
  2 kobolds
  5 bats
  3 rats
27 creatures vanquished.

Notes
Turn   | Place    | Note
-------+----------+-------------------------------------------
     0 | D:1      | vurker the Formicid Fighter began the quest for the Orb.
     0 | D:1      | Reached XP level 1. HP: 18/18 MP: 1/1
   118 | D:1      | You fall into a shaft and drop 1 floor!
   174 | D:2      | Reached XP level 2. HP: 19/24 MP: 2/2
   825 | D:2      | Found a faded altar of an unknown god.
   859 | D:2      | Reached XP level 3. HP: 18/30 MP: 3/3
  1174 | D:2      | Mangled by a gnoll

Levels and vault maps discovered:
D:1:      nzn_arrival_crosshair, layout_basic
D:2:      cheibrodos_greedy_goblins, layout_loops_ring,
          chequers_ecumenical_altar_simple_redux, first_ration,
          wad_woods_river_04

Skill      XL: |  1  2  3 |
---------------+----------+-----
Axes           | 3 |  3.3
Fighting       | |  3.8
Armour         | |  3.2
Shields        | |  3.6

Action                   || total
-------------------------++-------
Melee: War axe           ||    93
  Use: Potion            ||     1
  Eat: Chunk             ||     1
Armor: Scale mail        ||    29
Dodge: Dodged            ||    34
Block: Shield            ||    52

Table legend:
 A = Non-vault XP
 B = Vault XP
 C = Vault XP percentage of total XP
 D = Non-vault monster count
 E = Vault monster count
 F = Vault count percentage of total count
                 A         B        C        D         E       F
            +---------+---------+-------+---------+---------+-------
      Total |      42 |      18 |  30.0 |      18 |       9 |  33.3
            +---------+---------+-------+---------+---------+-------
        D:1 |      15 |       0 |   0.0 |       9 |       0 |   0.0
        D:2 |      27 |      18 |  40.0 |       9 |       9 |  50.0
            +---------+---------+-------+---------+---------+-------
